 Dungeon Crawl Stone Soup version 0.23.2-40-g277498a001 (webtiles) character file.

Game seed: 14890703680494885452

79842 Freitmort the Eclecticist (level 15, 0/74 HPs)
             Began as a Deep Elf Conjurer on Apr 4, 2019.
             Was a High Priest of Vehumet.
             Shot with an arrow by a centaur (10 damage)
             ... on level 12 of the Dungeon on Sept 18, 2019.
             The game lasted 04:24:07 (37259 turns).

Freitmort the Eclecticist (Deep Elf Conjurer)      Turns: 37259, Time: 04:24:08

Health: 0/74       AC:  8    Str:  7    XL:     15   Next: 22%
Magic:  24/40      EV: 22    Int: 30    God:    Vehumet [*****.]
Gold:   1701       SH:  0    Dex: 15    Spells: 25/53 levels left

rFire    . . .     SeeInvis .   m - staff of conjuration
rCold    . . .     Gourm    +   (no shield)
rNeg     . . .     Faith    .   l - +2 robe {MR+}
rPois    .         Spirit   .   (no helmet)
rElec    .         Reflect  .   D - scarf {cloud immunity}
rCorr    .         Harm     .   y - +2 pair of gloves
MR       ++...                  w - +0 pair of boots
Stlth    +++.......             j - amulet of the gourmand
HPRegen  0.22/turn              q - +5 ring of evasion
MPRegen  0.27/turn              z - +5 ring of intelligence

@: no status effects
A: no striking features
a: Renounce Religion


You were on level 12 of the Dungeon.
You worshipped Vehumet.
Vehumet was extremely pleased with you.
You were completely stuffed.

You visited 4 branches of the dungeon, and saw 21 of its levels.

You collected 1818 gold pieces.
You spent 117 gold pieces at shops.

Inventory:

Hand Weapons
 f - the +4 morningstar "Ytakiu" {crush, rN+}
   (You found it on level 11 of the Dungeon)

   It inflicts extra damage upon your enemies.
   It protects you from negative energy.
 n - the +3 war axe of Magnificence {venom, Str+3}
   (You found it on level 11 of the Dungeon)

   It poisons the flesh of those it strikes.
   It affects your strength (+3).
 r - the +5 dagger "Cukonul" {pierce, rC+}
   (You took it off an orc wizard on level 5 of the Dungeon)

   It inflicts extra damage upon your enemies.
   It protects you from cold.
 x - a +1 quarterstaff of protection
 I - a +0 blowgun
Missiles
 g - 35 poisoned needles
Armour
 e - a +2 robe of positive energy
 i - the +2 ring mail of the Castellan {rF+ Stlth+}
   (You found it on level 11 of the Dungeon)

   It protects you from fire.
   It makes you more stealthy.
 l - a +2 robe of magic resistance (worn)
 w - a +0 pair of boots (worn)
 y - a +2 pair of gloves (worn)
 D - a scarf of cloud immunity (worn)
 G - a +1 cloak of invisibility
Magical Staves
 m - an uncursed staff of conjuration (weapon)
 u - an uncursed staff of energy {unknown}
 v - an uncursed staff of cold
 S - an uncursed staff of poison
 X - an uncursed staff of wizardry
Jewellery
 b - an uncursed ring of protection from fire
 j - an amulet of the gourmand (around neck)
 q - a +5 ring of evasion (left hand)
 z - a +5 ring of intelligence (right hand)
 R - an uncursed ring of resist corrosion
 T - an uncursed ring of flight
 U - an uncursed ring of see invisible
Wands
 k - a wand of disintegration (30)
 s - a wand of iceblast (7)
 O - a wand of digging (12)
Scrolls
 d - 5 scrolls of teleportation
 t - 10 scrolls of remove curse
 A - a scroll of blinking
 E - a scroll of fog
 V - 3 scrolls of enchant weapon
 W - 3 scrolls of holy word
 Z - 3 scrolls of identify
Potions
 a - 2 potions of curing
 h - a potion of magic
 o - 3 potions of brilliance
 B - 2 potions of haste
 F - a potion of berserk rage
Miscellaneous
 p - a crystal ball of energy
Comestibles
 c - 47 rations


   Skills:
 - Level 1.4 Fighting
   Level 0.1 Long Blades
 + Level 1.2 Throwing
 + Level 7.5 Dodging
 + Level 5.8 Stealth
 + Level 19.6 Spellcasting
 + Level 16.5 Conjurations
 * Level 8.1 Fire Magic
 - Level 5.0 Air Magic
 - Level 10.0 Earth Magic
 + Level 6.0 Evocations


You had 25 spell levels left.
You knew the following spells:

 Your Spells              Type           Power        Failure   Level  Hunger
a - Magic Dart            Conj           ####         0%          1    None
b - Searing Ray           Conj           ######       0%          2    None
c - Iskenderun's Mystic   Conj           ########     0%          4    None
d - Sandblast             Erth           ######       0%          1    None
e - Sticky Flame          Conj/Fire      ########     1%          4    None
f - Stone Arrow           Conj/Erth      ######       0%          3    None
g - Static Discharge      Conj/Air       #######.     1%          3    None
h - Airstrike             Air            ######....   1%          4    None
i - Iron Shot             Conj/Erth      ########..   1%          6    None

Your spell library contained the following spells:

 Spells                   Type           Power        Failure   Level  Hunger
 Ozocubu's Refrigeration  Ice            ####......   43%         6    None
 Corona                   Hex            ####...      1%          1    None
 Blink                    Tloc           N/A          1%          2    None
 Shroud of Golubria       Chrm/Tloc      ####......   1%          2    None
 Slow                     Hex            ####....     1%          2    None
 Dazzling Spray           Conj/Hex       ######       1%          3    None
 Inner Flame              Hex/Fire       ######..     1%          3    None
 Force Lance              Conj/Tloc      #######.     1%          4    None
 Fulminant Prism          Conj/Hex       #######...   1%          4    None
 Leda's Liquefaction      Hex/Erth       ######....   1%          4    None
 Gell's Gravitas          Tloc           ####......   3%          3    None
 Lesser Beckoning         Tloc           ####......   3%          3    None
 Portal Projectile        Hex/Tloc       ####..       3%          3    None
 Teleport Other           Tloc           ####....     3%          3    None
 Cause Fear               Hex            ####......   13%         4    None
 Passage of Golubria      Tloc           N/A          13%         4    None


Dungeon Overview and Level Annotations

Branches:
Dungeon (12/15)            Temple (1/1) D:5            Lair (6/6) D:8
 Shoals (0/4) Lair:2        Snake (0/4) Lair:3        Slime (0/5) Lair:6
    Orc (2/2) D:11            Elf (0/3) Orc:2

Altars:
Ashenzari
Cheibriados
Dithmenos
Elyvilon
Fedhas
Gozag
Hepliaklqana
Kikubaaqudgha
Makhleb
Nemelex Xobeh
Okawaru
Qazlal
Ru
Sif Muna
Trog
Uskayaw
Vehumet
Wu Jian
Xom
Yredelemnul
Zin
The Shining One
Beogh

Shops:
D:4 %*   D:9 (   D:11 [   D:12 =*   Orc:2 (([!

Annotations:
D:7 exclusion: 2 killer bees
Lair:6 1 runed translucent door, Decuk's ghost, journeyman DsHu


Message History

The centaur shoots an arrow.
The arrow closely misses you.
The centaur shoots an arrow.
The arrow hits you!
Casting: Iskenderun's Mystic Blast (safe; 0% risk of failure)
Confirm with . or Enter, or press ? or * to list all spells.
Aiming: Iskenderun's Mystic Blast (safe; 0% risk of failure)
Press: ? - help, Shift-Dir - straight line, f/p - centaur
Aim: a centaur, wielding a +0 shortbow (almost dead)
You feel a surge of power!
The orb of energy hits the centaur!!
You kill the centaur!
Vehumet accepts your kill.
You feel your power returning.
The centaur shoots an arrow.
The arrow completely misses you.
The centaur shoots an arrow.
The arrow hits you!
* * * LOW HITPOINT WARNING * * *
The centaur shoots an arrow.
The arrow hits you!
* * * LOW HITPOINT WARNING * * *
The centaur shoots an arrow.
The arrow hits you but does no damage.
The centaur shoots an arrow.
The arrow closely misses you.
The centaur shoots an arrow.
The arrow hits you!
You die...

.# .## ## ..####
#.. .....###
#c.. ###....####
#.... #
####....####
#.c...
####..(.###
#..c...
####...##.....).
####(@.......
### ##.......#
####.# ##....###
###...># #..##
##......# #.#
........# ..#
........# .#
.......## ##
#...####


You could see 3 centaurs.

Vanquished Creatures
  2 orc warlords
  Nessos (Lair:4)
  Snorg (Orc:2)
  An ettin (Orc:2)
  Erolcha (D:10)
  8 hydras
  A catoblepas (Lair:6)
  3 two-headed ogres (D:11)
  Erica (D:10)
  Urug (Lair:3)
  A deep troll shaman (Lair:6)
  12 death yaks (Lair:6)
  Sonja (D:10)
  3 orc high priests (Orc:2)
  An unseen horror (D:12)
  2 lindwurms (Lair:6)
  6 orc knights
  2 ugly things
  A deep elf mage (D:12)
  5 orc sorcerers (Orc:2)
  2 cyclopes (D:11)
  A manticore (D:11)
  7 black mambas
  A centaur zombie (D:10)
  Maurice (D:10)
  8 elephants
  A gargoyle (D:11)
  5 centaur skeletons
  17 spiny frogs
  3 komodo dragons
  A meliai (shapeshifter) (D:11)
  6 polar bears
  A queen bee (Lair:1)
  6 trolls
  Prince Ribbit (D:8)
  9 blink frogs
  3 hippogriffs
  9 dream sheep
  4 wraiths
  A shadow (D:11)
  2 wyverns
  41 yaks
  6 basilisks
  4 hungry ghosts
  3 wargs
  A soldier ant (D:12)
  17 water moccasins
  9 porcupines
  3 sky beasts
  7 ice beasts
  5 black bears
  37 orc warriors
  4 necrophages (D:9)
  9 ogres
  2 phantoms
  An eye of draining (D:11)
  14 wolves
  12 centaurs
  14 crocodiles
  4 big kobolds
  13 bullfrogs
  5 scorpions
  31 killer bees
  A vampire bat (D:2)
  15 wights
  4 electric eels
  A howler monkey (D:4)
  2 bullfrog zombies
  5 crimson imps
  7 jellies
  3 bullfrog skeletons
  27 orc wizards
  3 human zombies (D:9)
  23 orc priests
  5 hounds
  Jessica (D:2)
  2 iguanas
  4 worker ants
  A hound zombie (D:7)
  A hound skeleton (D:10)
  2 mummies (D:9)
  A worker ant zombie (D:7)
  2 howler monkey zombies
  4 gnolls (D:9)
  13 adders
  A shadow imp (D:6)
  12 white imps (Orc:1)
  2 oozes
  An adder skeleton (D:5)
  4 worms
  2 dart slugs (D:1)
  7 leopard geckos
  83 orcs
  4 ball pythons
  6 bats
  4 bat skeletons (D:2)
  3 bat zombies (D:2)
  5 giant cockroaches
  5 goblins
  10 hobgoblins
  12 jackals
  10 kobolds
  5 quokkas
  3 frilled lizards
  A giant cockroach zombie (D:5)
  A jackal zombie (D:6)
  9 rats
702 creatures vanquished.

Vanquished Creatures (collateral kills)
  A crocodile (Lair:4)
1 creature vanquished.

Vanquished Creatures (others)
  A water moccasin (Lair:6)
  An orc (Orc:2)
  3 bushes (Lair:6)
  15 fungi
  21 plants
41 creatures vanquished.

Grand Total: 744 creatures vanquished

Notes
Turn   | Place    | Note
-------+----------+-------------------------------------------
     0 | D:1      | Freitmort the Deep Elf Conjurer began the quest for the
                  | Orb.
     0 | D:1      | Reached XP level 1. HP: 10/10 MP: 6/6
   267 | D:1      | Reached XP level 2. HP: 15/15 MP: 4/8
   305 | D:1      | Learned a level 2 spell: Searing Ray
   451 | D:1      | Reached skill level 5 in Conjurations
  1135 | D:2      | Reached XP level 3. HP: 19/19 MP: 8/10
  1381 | D:2      | Noticed Jessica
  1387 | D:2      | Killed Jessica
  1510 | D:2      | Reached skill level 4 in Spellcasting
  1510 | D:2      | Reached XP level 4. HP: 18/24 MP: 6/12
  1642 | D:2      | Found an ornate altar of the Wu Jian Council.
  1807 | D:2      | Found an ancient bone altar of Kikubaaqudgha.
  2007 | D:3      | Reached XP level 5. HP: 28/28 MP: 9/13
  2765 | D:3      | Found a sparkling altar of Nemelex Xobeh.
  3276 | D:3      | Found a glowing golden altar of the Shining One.
  3395 | D:4      | Upgraded the game from 0.23.2 to 0.23.2-33-g5129a83184
  3407 | D:4      | Reached skill level 5 in Spellcasting
  3480 | D:4      | Found a hazy altar of Hepliaklqana.
  3512 | D:4      | Found an iron altar of Okawaru.
  3938 | D:4      | Reached XP level 6. HP: 32/32 MP: 2/16
  4049 | D:4      | Found Zin's Purification Station.
  4052 | D:4      | Found a glowing silver altar of Zin.
  4099 | D:4      | Found Kueziuqu's Food Emporium.
  4374 | D:5      | Entered Level 5 of the Dungeon
  4391 | D:5      | Reached skill level 6 in Spellcasting
  4543 | D:5      | Learned a level 4 spell: Iskenderun's Mystic Blast
  4791 | D:5      | Found a staircase to the Ecumenical Temple.
  4823 | D:5      | Reached XP level 7. HP: 36/36 MP: 7/19
  4893 | D:5      | Identified the +5 dagger "Cukonul" {pierce, rC+}
  4945 | Temple   | Entered the Ecumenical Temple
  4954 | Temple   | Became a worshipper of Vehumet
  5225 | D:5      | Reached skill level 7 in Spellcasting
  5663 | D:6      | Reached skill level 8 in Spellcasting
  5970 | D:6      | Reached * piety under Vehumet
  5970 | D:6      | Offered knowledge of Sandblast by Vehumet.
  6097 | D:6      | Reached XP level 8. HP: 41/41 MP: 19/22
  6482 | D:7      | Learned a level 1 spell: Sandblast
  6492 | D:7      | Reached skill level 9 in Spellcasting
  6618 | D:7      | Reached skill level 1 in Earth Magic
  6618 | D:7      | Reached skill level 1 in Evocations
  6834 | D:7      | Found a snail-covered altar of Cheibriados.
  6872 | D:7      | Reached skill level 1 in Throwing
  7062 | D:7      | Reached skill level 1 in Fighting
  7336 | D:7      | Reached skill level 10 in Spellcasting
  7336 | D:7      | Reached XP level 9. HP: 47/47 MP: 11/25
  7680 | D:7      | Reached ** piety under Vehumet
  7989 | D:7      | Offered knowledge of Shock by Vehumet.
  7992 | D:7      | Learned a level 1 spell: Shock
  8354 | D:8      | Reached skill level 1 in Air Magic
  8530 | D:8      | Reached skill level 10 in Conjurations
  8638 | D:8      | Reached skill level 11 in Spellcasting
  8787 | D:8      | Found a basalt altar of Yredelemnul.
  8982 | D:8      | Found a staircase to the Lair.
  9126 | D:8      | Offered knowledge of Stone Arrow by Vehumet.
  9410 | D:8      | Learned a level 3 spell: Stone Arrow
  9493 | D:8      | Found a snail-covered altar of Cheibriados.
  9493 | D:8      | Noticed Prince Ribbit
  9521 | D:8      | Killed Prince Ribbit
  9521 | D:8      | Reached XP level 10. HP: 40/52 MP: 4/27
  9760 | D:8      | Reached skill level 12 in Spellcasting
  9761 | D:8      | Noticed a two-headed hydra
  9965 | D:8      | Killed a two-headed hydra
 10324 | D:9      | Reached *** piety under Vehumet
 10430 | D:9      | Reached skill level 5 in Stealth
 10741 | D:9      | Found an ancient bone altar of Kikubaaqudgha.
 10766 | D:9      | Reached skill level 13 in Spellcasting
 11039 | D:9      | Found Paedaet's Antique Weapon Emporium.
 11040 | D:9      | Found a stormy altar of Qazlal.
 11209 | D:9      | Offered knowledge of Ignite Poison by Vehumet.
 11209 | D:9      | Reached skill level 5 in Earth Magic
 11864 | D:10     | Entered Level 10 of the Dungeon
 11959 | D:10     | Noticed Maurice
 11967 | D:10     | Killed Maurice
 12050 | D:10     | Reached XP level 11. HP: 56/56 MP: 15/30
 12245 | D:10     | Noticed Sonja
 12250 | D:10     | Killed Sonja
 12250 | D:10     | Reached skill level 5 in Dodging
 12344 | D:10     | Got a warped great sword
 12345 | D:10     | Identified the +5 great sword of Zin's Approval {flame,
                  | MP+9} (You found it on level 10 of the Dungeon)
 12355 | D:10     | Upgraded the game from 0.23.2-33-g5129a83184 to
                  | 0.23.2-40-g277498a001
 12363 | D:10     | Noticed Erica
 12372 | D:10     | Killed Erica
 12559 | D:10     | Noticed Erolcha
 12563 | D:10     | Killed Erolcha
 12922 | D:11     | Noticed a two-headed ogre
 13199 | D:11     | Noticed a two-headed ogre
 13214 | D:11     | Killed a two-headed ogre
 13214 | D:11     | Reached skill level 14 in Spellcasting
 13358 | D:11     | Reached **** piety under Vehumet
 13435 | D:11     | Found a glowing golden altar of the Shining One.
 13483 | D:11     | Noticed a brown ugly thing
 13563 | D:11     | Reached skill level 5 in Air Magic
 13572 | D:11     | Offered knowledge of Static Discharge by Vehumet.
 13577 | D:11     | Learned a level 3 spell: Static Discharge
 14158 | D:11     | Killed a two-headed ogre
 14377 | D:11     | Killed a brown ugly thing
 14422 | D:11     | Noticed a two-headed ogre
 14427 | D:11     | Killed a two-headed ogre
 14427 | D:11     | Reached skill level 15 in Spellcasting
 14578 | D:11     | Reached XP level 12. HP: 18/61 MP: 13/33
 15098 | D:11     | Found a staircase to the Orcish Mines.
 15239 | D:11     | Found a sacrificial altar of Ru.
 15314 | D:11     | Found Rannufea's Antique Armour Shoppe.
 16244 | Lair:1   | Entered Level 1 of the Lair of Beasts
 16994 | Lair:1   | Reached ***** piety under Vehumet
 17027 | Lair:1   | Offered knowledge of Airstrike by Vehumet.
 17409 | Lair:2   | Found a staircase to the Shoals.
 17427 | Lair:2   | Reached skill level 16 in Spellcasting
 18192 | Lair:2   | Noticed a four-headed hydra
 18197 | Lair:2   | Killed a four-headed hydra
 19296 | Lair:2   | Learned a level 4 spell: Airstrike
 19755 | Lair:3   | Found a staircase to the Snake Pit.
 20040 | Lair:3   | Noticed Urug
 20263 | Lair:3   | Killed Urug
 20263 | Lair:3   | Reached XP level 13. HP: 30/65 MP: 15/35
 20926 | Lair:3   | Offered knowledge of Sticky Flame by Vehumet.
 20933 | Lair:3   | Learned a level 4 spell: Sticky Flame
 21523 | Lair:3   | Reached skill level 17 in Spellcasting
 21523 | Lair:3   | Reached skill level 1 in Fire Magic
 22325 | Lair:4   | Noticed Nessos
 23355 | Lair:4   | Killed Nessos
 23355 | Lair:4   | Reached skill level 10 in Earth Magic
 25410 | Lair:6   | Entered Level 6 of the Lair of Beasts
 25604 | Lair:6   | Found a runed translucent door.
 25630 | Lair:6   | Reached skill level 5 in Fire Magic
 26169 | Lair:6   | Reached skill level 18 in Spellcasting
 26220 | Lair:6   | Reached skill level 15 in Conjurations
 26313 | Lair:6   | Reached XP level 14. HP: 70/70 MP: 33/38
 26611 | Lair:6   | Noticed Decuk's ghost (journeyman DsHu)
 26787 | Lair:6   | Offered knowledge of Iron Shot by Vehumet.
 26795 | Lair:6   | Learned a level 6 spell: Iron Shot
 26998 | Lair:6   | Found a staircase to the Slime Pits.
 28618 | Lair:6   | Reached skill level 5 in Evocations
 31383 | Orc:1    | Entered Level 1 of the Orcish Mines
 31548 | Orc:2    | Entered Level 2 of the Orcish Mines
 31888 | Orc:1    | Noticed an orc warlord
 31909 | Orc:1    | Killed an orc warlord
 32379 | Orc:1    | Found a roughly hewn altar of Beogh.
 32474 | Orc:1    | Reached skill level 19 in Spellcasting
 33466 | Orc:2    | Noticed an orc warlord
 33652 | Orc:2    | Found a staircase to the Elven Halls.
 33824 | Orc:2    | Noticed Snorg
 33829 | Orc:2    | Killed Snorg
 34827 | Orc:2    | Offered knowledge of Ozocubu's Refrigeration by Vehumet.
 34995 | Orc:2    | Reached XP level 15. HP: 74/74 MP: 15/40
 35554 | Orc:2    | Killed an orc warlord
 35930 | Orc:2    | Found Zuepp's Armour Emporium.
 35930 | Orc:2    | Found Ohufohut's Distillery.
 35944 | Orc:2    | Found Okuuk's Antique Weapon Emporium.
 35944 | Orc:2    | Found Buomemy's Antique Weapon Shop.
 35958 | Orc:2    | Bought a potion of degeneration for 13 gold pieces
 35958 | Orc:2    | Bought a potion of magic for 104 gold pieces
 36215 | D:11     | Got an ancient morningstar
 36219 | D:11     | Got a pitted ring mail
 36223 | D:11     | Got a smoking war axe
 36258 | D:11     | Identified the +2 ring mail of the Castellan {rF+ Stlth+}
                  | (You found it on level 11 of the Dungeon)
 36270 | D:11     | Identified the +3 war axe of Magnificence {venom, Str+3}
                  | (You found it on level 11 of the Dungeon)
 36271 | D:11     | Identified the +4 morningstar "Ytakiu" {crush, rN+} (You
                  | found it on level 11 of the Dungeon)
 36543 | D:12     | Found Keipaiwi's General Store.
 36768 | D:12     | Found Larphi Heli's Jewellery Boutique.
 37259 | D:12     | Shot with an arrow by a centaur

Skill      XL: |  1  2  3  4  5  6  7  8  9 10 11 12 13 14 15 |
---------------+----------------------------------------------+-----
Conjurations   | 5 6 7 8 9 10 11 12 14 15 16 | 16.5
Spellcasting   | 4 5 6 8 10 11 13 15 16 18 19 | 19.6
Stealth        | 3 4 5 |  5.8
Dodging        | 3 4 5 6 7 |  7.5
Earth Magic    | 2 5 7 9 10 | 10.0
Evocations     | 1 4 6 |  6.0
Throwing       | 1 |  1.2
Fighting       | 1 |  1.4
Air Magic      | 2 3 5 |  5.0
Fire Magic     | 5 7 8 |  8.1
Long Blades    | |  0.1

Action                   |  1- 3 |  4- 6 |  7- 9 | 10-12 | 13-15 || total
-------------------------+-------+-------+-------+-------+-------++-------
Melee: Staff             |       |       |       |       |     2 ||     2
 Cast: Magic Dart        |    52 |   102 |   184 |   214 |   454 ||  1006
       Searing Ray       |     3 |    11 |    46 |    51 |     4 ||   115
       Iskenderun's Myst |       |       |    24 |    65 |    48 ||   137
       Stone Arrow       |       |       |       |   225 |   272 ||   497
       Shock             |       |       |       |     3 |       ||     3
       Sticky Flame      |       |       |       |       |    52 ||    52
       Iron Shot         |       |       |       |       |   156 ||   156
       Airstrike         |       |       |       |       |    25 ||    25
Evoke: Wand              |       |       |       |       |     3 ||     3
  Use: Scroll            |     6 |     6 |     3 |    17 |    10 ||    42
       Potion            |       |       |       |     3 |     4 ||     7
  Eat: Chunk             |     1 |    13 |    12 |    36 |    55 ||   117
       Ration            |       |       |     1 |     1 |       ||     2
Armor: Robe              |     1 |    11 |    11 |    30 |    25 ||    78
Dodge: Dodged            |     6 |    35 |    62 |   176 |   222 ||   501
Block: Other             |       |     1 |       |       |     1 ||     2
       Rpst.: Great sword |       |       |       |       |     5 ||     5
